 Dungeon Crawl Stone Soup version 0.21.1-1-g345015f (webtiles) character file.

25874 kae the Bludgeoner (level 12, -4/110 HPs)
             Began as a Minotaur Fighter on June 18, 2018.
             Was a High Priest of Makhleb.
             Engulfed by an ice statue's freezing vapour (14 damage)
             ... in an ice cave.
             The game lasted 00:19:32 (14669 turns).

kae the Bludgeoner (Minotaur Fighter)              Turns: 14669, Time: 00:19:33

Health: -4/110     AC: 21    Str: 24    XL:     12   Next: 93%
Magic:  17/17      EV: 19    Int:  6    God:    Makhleb [*****.]
Gold:   603        SH:  0    Dex: 16    Spells: 11/11 levels left

rFire    . . .     SeeInvis .   E - +0 dire flail (flame)
rCold    . . .     Gourm    .   (shield currently unavailable)
rNeg     . . .     Faith    .   P - +8 chain mail "Hyjeschie" {Dex+5}
rPois    .         Spirit   .   (helmet restricted)
rElec    .         Reflect  .   D - +0 cloak
rCorr    .         Harm     .   (no gloves)
MR       +....                  (no boots)
Stlth    ..........             R - amulet of magic regeneration
HPRegen  0.28/turn              m - +4 ring of evasion
MPRegen  0.40/turn              H - ring of protection from magic

@: berserk cooldown, slowed, very slow
A: retaliatory headbutt, horns 2
a: Minor Destruction, Lesser Servant of Makhleb, Major Destruction, Greater
Servant of Makhleb, Renounce Religion


You were in an ice cave.
You worshipped Makhleb.
Makhleb was extremely pleased with you.
You were not hungry.

You visited 2 branches of the dungeon, and saw 14 of its levels.
You also visited: Sewer, Ossuary and Ice Cave.

You collected 687 gold pieces.
You spent 84 gold pieces at shops.

Inventory:

Hand Weapons
 a - a +1 flail
 E - a +0 dire flail of flaming (weapon)
Armour
 c - a +1 shield
 y - the +0 scale mail of Zusmad {Regen+}
   (You found it on level 4 of the Dungeon)

   It increases your rate of regeneration.
 D - a +0 cloak (worn)
 P - the +8 chain mail "Hyjeschie" (worn) {Dex+5}
   (You found it on level 11 of the Dungeon)

   It affects your dexterity (+5).
Jewellery
 m - a +4 ring of evasion (left hand)
 B - an uncursed amulet of faith
 H - a ring of protection from magic (right hand)
 I - a +3 ring of intelligence
 O - an uncursed ring of see invisible
 R - an amulet of magic regeneration (around neck)
 V - an uncursed ring of magical power
Wands
 n - a wand of iceblast (17)
 v - a wand of polymorph (44)
 G - a wand of flame (23)
 J - a wand of random effects (17)
 K - a wand of disintegration (37)
 L - a wand of paralysis (13)
 M - a wand of acid (9)
 U - a wand of digging (8)
Scrolls
 d - 6 scrolls of teleportation
 h - 14 scrolls of remove curse
 i - 2 scrolls of silence
 j - 4 scrolls of enchant armour
 r - 4 scrolls of fear
 w - a scroll of enchant weapon
 x - 2 scrolls of amnesia
 z - 2 scrolls of identify
 A - 2 scrolls of magic mapping
 C - a scroll of summoning
 N - a scroll of blinking
 T - a scroll of fog
Potions
 e - 8 potions of haste
 g - 3 potions of mutation
 l - 2 potions of magic
 o - a potion of cancellation
 p - 4 potions of curing
 q - 4 potions of flight
 s - 2 potions of resistance
 t - 4 potions of brilliance
 F - a potion of berserk rage
 Q - a potion of invisibility
Books
 b - a book of Frost

   Spells                             Type                      Level
   a - Freeze                         Ice                          1
   b - Throw Frost                    Conjuration/Ice              2
   c - Ozocubu's Armour               Charms/Ice                   3
   d - Throw Icicle                   Conjuration/Ice              4
   e - Summon Ice Beast               Ice/Summoning                4
 S - a book of Battle

   Spells                             Type                      Level
   a - Infusion                       Charms                       1
   b - Shroud of Golubria             Charms/Translocation         2
   c - Song of Slaying                Charms                       2
   d - Spectral Weapon                Hexes/Charms                 3
   e - Regeneration                   Charms/Necromancy            3
 X - a book of Power

   Spells                             Type                      Level
   a - Iskenderun's Battlesphere      Conjuration/Charms           5
   b - Venom Bolt                     Conjuration/Poison           5
   c - Bolt of Magma                  Conjuration/Fire/Earth       5
   d - Iron Shot                      Conjuration/Earth            6
   e - Orb of Destruction             Conjuration                  7
   f - Spellforged Servitor           Conjuration/Summoning        7
Comestibles
 f - 35 rations


   Skills:
 + Level 11.4 Fighting
 * Level 15.0 Maces & Flails
 + Level 11.4 Armour
 + Level 10.0 Dodging
 - Level 3.6 Shields
 + Level 8.1 Invocations


You had 11 spell levels left.
You didn't know any spells.

Dungeon Overview and Level Annotations

Branches:
Dungeon (11/15)            Temple (0/1) D:7            Lair (3/6) D:8
 Shoals (0/4) Lair:2        Snake (0/4) Lair:2
    Orc: D:9-12

Altars:
Cheibriados
Makhleb
Qazlal
Sif Muna
Uskayaw
Xom
Yredelemnul
The Shining One

Shops:
D:4 %   D:7 =

Annotations:
Lair:2 exclusion: 5 lindwurms IceCv exclusion: ice statue


Innate Abilities, Weirdness & Mutations

You reflexively headbutt those who attack you in melee.
You have a pair of horns on your head.


Message History

The ice beast barely misses you. You furiously retaliate!
You headbutt the ice beast.
Your orange demon stings the ice beast!
The ice beast dies!
The ice statue gestures.
The ice beast misses you.
Your orange demon stings the ice beast from afar.
You bludgeon the ice statue!!
You melt the ice statue!
The ice statue is heavily damaged.
You are engulfed in freezing vapours.
* * * LOW HITPOINT WARNING * * *
The ice statue gestures at you. The bolt of cold hits you!
* * * LOW HITPOINT WARNING * * *
Your orange demon stings the ice beast but does no damage.
Your orange demon closely misses the ice beast.
You puncture the ice statue!
You melt the ice statue.
You headbutt the ice statue.
The ice statue is severely damaged.
You are engulfed in freezing vapours.
You die...

#####
###...####
##........##
#..........##
#...........##
#.8.4........#
#).§Y........#
#.§§?....©.∩.#
#".?@........#
#.8..8.......#
#....§......##
#.....Y....##
##........##
###...####
#####


You could see an ice statue, 2 ice beasts and a friendly orange demon.

Vanquished Creatures
  The ghost of Nukog the Basher, a journeyman OgGl of Okawaru (Lair:2)
  A hydra (D:10)
  The ghost of diana the Martial Artist, a journeyman DsGl of Ru (D:11)
  3 two-headed ogres
  3 unseen horrors
  A wizard (D:10)
  2 ugly things (IceCv)
  A cyclops (D:11)
  A centaur skeleton (D:11)
  A gargoyle (D:10)
  A spiny frog (Lair:1)
  An efreet (D:10)
  3 komodo dragons
  2 hornets
  4 hippogriffs
  6 blink frogs (Lair:3)
  A slime creature (D:10)
  9 yaks
  3 wyverns
  2 wraiths (Ossuary)
  3 basilisks
  3 hungry ghosts
  An acid dragon (D:10)
  5 water moccasins
  8 porcupines
  4 orc warriors
  18 ice beasts
  5 sky beasts
  A black bear (D:6)
  A necrophage (D:8)
  2 ogres (D:4)
  A phantom (D:11)
  5 wolves (Lair:1)
  7 centaurs
  9 crocodiles
  5 big kobolds
  15 bullfrogs
  6 scorpions
  A wyvern skeleton (D:8)
  15 killer bees
  3 howler monkeys
  15 wights
  5 crimson imps
  2 bullfrog zombies
  2 centaur zombies
  4 jellies
  5 hounds
  8 orc priests
  Crazy Yiuf (D:6)
  3 iguanas (D:8)
  6 orc wizards
  2 bullfrog skeletons
  Terence (D:2)
  6 worker ants
  2 hell rats (Lair:3)
  A hound skeleton (D:6)
  Robin (D:2)
  A worker ant zombie (D:11)
  3 gnolls (D:9)
  15 adders
  14 river rats
  A shadow imp (D:6)
  2 oozes
  An adder zombie (D:7)
  3 adder skeletons
  A worm (D:2)
  A dart slug (D:3)
  A leopard gecko (D:1)
  37 orcs
  10 bats
  3 giant cockroaches
  12 goblins
  4 hobgoblins
  17 jackals
  5 quokkas
  11 ball pythons
  2 ball python skeletons (Ossuary)
  7 frilled lizards
  3 hobgoblin skeletons (Ossuary)
  2 jackal skeletons
  19 kobolds
  An orc skeleton (Ossuary)
  An orc zombie (Ossuary)
  A quokka skeleton (D:4)
  33 rats
  A spectral orc (D:9)
441 creatures vanquished.

Vanquished Creatures (collateral kills)
  The ghost of nicolaieve the Severer, a journeyman MiBe of Trog (Lair:1)
  An ice statue (IceCv)
2 creatures vanquished.

Vanquished Creatures (others)
  A jackal (D:10)
  A kobold (D:8)
  A quokka zombie (D:10)
  A plant (Lair:3)
4 creatures vanquished.

Grand Total: 447 creatures vanquished

Notes
Turn   | Place    | Note
-------+----------+-------------------------------------------
     0 | D:1      | kae the Minotaur Fighter began the quest for the Orb.
     0 | D:1      | Reached XP level 1. HP: 19/19 MP: 0/0
    64 | D:1      | Reached XP level 2. HP: 25/27 MP: 1/1
    74 | D:1      | Reached skill level 3 in Maces & Flails
   137 | D:1      | Reached skill level 1 in Dodging
   177 | D:1      | Reached XP level 3. HP: 33/33 MP: 2/2
   752 | D:2      | Noticed Terence
   777 | D:2      | Killed Terence
   777 | D:2      | Reached XP level 4. HP: 36/40 MP: 3/3
   787 | D:2      | Noticed Robin
   813 | D:2      | Reached skill level 4 in Maces & Flails
   835 | D:2      | Killed Robin
  1200 | D:2      | Noticed a bullfrog
  1208 | D:2      | Killed a bullfrog
  1208 | D:2      | Reached XP level 5. HP: 35/47 MP: 4/4
  1544 | D:2      | You fall through a shaft!
  1692 | D:3      | Found a deep blue altar of Sif Muna.
  1701 | D:3      | Found a stormy altar of Qazlal.
  1746 | D:3      | Found a glowing drain.
  1771 | Sewer    | Entered a sewer
  1813 | Sewer    | Reached skill level 5 in Maces & Flails
  2211 | Sewer    | Reached XP level 6. HP: 55/55 MP: 5/5
  2343 | Sewer    | Reached skill level 5 in Fighting
  2343 | Sewer    | Reached skill level 5 in Armour
  2498 | D:3      | Found a snail-covered altar of Cheibriados.
  2705 | D:3      | Reached skill level 6 in Maces & Flails
  2758 | D:4      | Reached XP level 7. HP: 61/61 MP: 6/6
  2774 | D:4      | Found a glowing golden altar of the Shining One.
  2788 | D:4      | Found Ereebluo's Food Boutique.
  2854 | D:4      | Found a shimmering altar of Xom.
  2886 | D:4      | Found a sand-covered staircase.
  2893 | Ossuary  | Entered an ossuary
  3055 | Ossuary  | Reached skill level 7 in Maces & Flails
  3142 | Ossuary  | Noticed a wraith
  3142 | Ossuary  | Noticed a flying skull
  3166 | Ossuary  | Noticed a flying skull
  3176 | Ossuary  | Noticed a flying skull
  3196 | Ossuary  | Noticed a flying skull
  3204 | Ossuary  | Noticed a wraith
  3211 | Ossuary  | Killed a wraith
  3211 | Ossuary  | Reached XP level 8. HP: 65/70 MP: 7/7
  3512 | D:4      | Reached skill level 8 in Maces & Flails
  3525 | D:4      | Got a transparent scale mail
  3536 | D:4      | Identified the +0 scale mail of Zusmad {Regen+} (You found it on level 4 of the Dungeon)
  4060 | D:5      | Entered Level 5 of the Dungeon
  4216 | D:5      | Found a burning altar of Makhleb.
  4223 | D:5      | Became a worshipper of Makhleb the Destroyer
  4879 | D:6      | Reached skill level 1 in Invocations
  4918 | D:6      | Reached skill level 5 in Dodging
  5100 | D:6      | Reached * piety under Makhleb
  5114 | D:6      | Reached skill level 9 in Maces & Flails
  5196 | D:6      | Found a runed door.
  5256 | D:6      | Noticed Crazy Yiuf
  5261 | D:6      | Killed Crazy Yiuf
  5361 | D:7      | Found Kiqoneikh's Jewellery Shoppe.
  5378 | D:7      | Bought a cursed amulet of inaccuracy for 26 gold pieces
  5378 | D:7      | Bought a cursed ring of teleportation for 58 gold pieces
  5388 | D:7      | Reached XP level 9. HP: 79/79 MP: 9/9
  5427 | D:7      | Found a staircase to the Ecumenical Temple.
  6610 | D:8      | Reached ** piety under Makhleb
  6610 | D:8      | Reached skill level 10 in Maces & Flails
  7083 | D:8      | Found a staircase to the Lair.
  7092 | D:8      | Reached XP level 10. HP: 61/88 MP: 11/11
  7439 | D:8      | Reached skill level 11 in Maces & Flails
  7781 | D:9      | Reached *** piety under Makhleb
  7967 | D:9      | Noticed a two-headed ogre
  7975 | D:9      | Killed a two-headed ogre
  8157 | D:9      | Found a basalt altar of Yredelemnul.
  8187 | D:9      | Killed an unseen horror
  8187 | D:9      | Reached skill level 5 in Invocations
  8617 | D:10     | Entered Level 10 of the Dungeon
  8810 | D:10     | Reached skill level 12 in Maces & Flails
  8910 | D:10     | Killed an unseen horror
  8962 | D:10     | Reached XP level 11. HP: 96/97 MP: 14/14
  8977 | D:10     | Reached **** piety under Makhleb
  9229 | D:10     | Noticed a wizard
  9393 | D:10     | Killed a wizard
  9483 | D:10     | Noticed a four-headed hydra
  9498 | D:10     | Killed a four-headed hydra
  9498 | D:10     | Reached skill level 13 in Maces & Flails
  9508 | D:10     | Reached skill level 10 in Fighting
  9577 | D:10     | Reached skill level 10 in Armour
  9858 | D:11     | Noticed a two-headed ogre
  9866 | D:11     | Killed a two-headed ogre
  9964 | D:11     | Found a hide-covered altar of Uskayaw.
 10061 | D:11     | Got a jewelled chain mail
 10616 | D:11     | Noticed a two-headed ogre
 10619 | D:11     | Noticed diana's ghost (journeyman DsGl)
 10624 | D:11     | Killed a two-headed ogre
 11273 | D:11     | Killed an unseen horror
 11273 | D:11     | Reached XP level 12. HP: 56/107 MP: 16/16
 11522 | D:11     | Killed diana's ghost
 11750 | Lair:1   | Entered Level 1 of the Lair of Beasts
 11839 | Lair:1   | Noticed nicolaieve's ghost (journeyman MiBe)
 12005 | Lair:1   | Killed nicolaieve's ghost
 12005 | Lair:1   | Reached skill level 14 in Maces & Flails
 12792 | Lair:2   | Identified a scroll of acquirement
 12798 | Lair:2   | Identified the +8 chain mail "Hyjeschie" {Dex+5} (You found it on level 11 of the Dungeon)
 12813 | Lair:2   | Found a staircase to the Snake Pit.
 12832 | Lair:2   | Noticed Nukog's ghost (journeyman OgGl)
 12843 | Lair:2   | Killed Nukog's ghost
 13374 | Lair:2   | Found a staircase to the Shoals.
 13390 | Lair:2   | Reached ***** piety under Makhleb
 13992 | Lair:3   | Noticed a five-headed hydra
 14464 | Lair:3   | Found a frozen archway.
 14549 | IceCv    | Entered an ice cave
 14562 | IceCv    | Reached skill level 10 in Dodging
 14576 | IceCv    | Reached skill level 15 in Maces & Flails
 14596 | IceCv    | Found a transporter.
 14669 | IceCv    | Engulfed by an ice statue's freezing vapour

Skill      XL: |  1  2  3  4  5  6  7  8  9 10 11 12 |
---------------+-------------------------------------+-----
Maces & Flails | 3 4 5 6 7 9 10 12 13 15 | 15.0
Dodging        | 1 2 3 4 5 6 7 9 10 | 10.0
Fighting       | 4 5 6 7 8 9 10 11 | 11.4
Armour         | 4 5 6 7 8 9 10 11 | 11.4
Invocations    | 2 3 5 6 8 |  8.1
Shields        | |  3.6

Action                   |  1- 3 |  4- 6 |  7- 9 | 10-12 || total
-------------------------+-------+-------+-------+-------++-------
Melee: Flail             |    75 |   214 |   141 |       ||   430
       Headbutt          |     9 |    15 |    67 |   160 ||   251
       Dire flail        |       |       |   220 |   866 ||  1086
Invok: Lesser Servant of |       |       |       |     7 ||     7
Evoke: Wand              |       |       |       |     7 ||     7
  Use: Scroll            |       |    10 |    15 |    12 ||    37
       Potion            |       |     1 |     3 |     8 ||    12
 Stab: Invisible         |       |       |     1 |       ||     1
       Distracted        |       |       |       |     1 ||     1
  Eat: Chunk             |       |     7 |     7 |    23 ||    37
       Ration            |       |       |     2 |     2 ||     4
Armor: Scale mail        |    38 |   119 |    88 |   145 ||   390
       Skin              |       |       |       |   122 ||   122
       Chain mail        |       |       |       |    52 ||    52
Dodge: Dodged            |    30 |    98 |   194 |   499 ||   821
Block: Shield            |    49 |   115 |    50 |       ||   214
